 Dungeon Crawl Stone Soup version 0.29-a0-821-g66395355a5 (webtiles) character file.

Game seed: 8313381571740575328

5065 diecastcamel the Spear-Bearer (level 10, -2/82 HPs)
             Began as a Gnoll Cinder Acolyte on July 7, 2022.
             Was an Initiate of Fedhas.
             Slain by a fire elemental (12 damage)
             ... created by the fiery vengeance of Ignis
             ... on level 8 of the Dungeon.
             The game lasted 01:04:16 (12117 turns).

diecastcamel the Spear-Bearer (GnCA)               Turns: 12117, Time: 01:04:16

Health: -2/82      AC:  6    Str: 13    XL:     10   Next: 56%
Magic:  19/19      EV: 12    Int: 24    God:    Fedhas [......]
Gold:   551        SH:  0    Dex:  8    Spells: 15/21 levels left

rFire   . . .      SeeInvis +   q - +0 scythe
rCold   . . .      Faith    .   (shield currently unavailable)
rNeg    . . .      Spirit   .   B - +1 leather armour
rPois   .          Reflect  .   (no helmet)
rElec   .          Harm     .   (no cloak)
rCorr   .          Rampage  .   O - +0 pair of gloves
Will    .....                   (no boots)
Stlth   ++........              (no amulet)
HPRegen 0.23/turn               c - +6 ring of intelligence
MPRegen 0.16/turn               i - ring of see invisible

@: about to teleport, fire susceptible
A: fangs 1, strong nose, distributed training
a: Renounce Religion


You were on level 8 of the Dungeon.
You worshipped Fedhas.
Fedhas was noncommittal.
You visited 1 branch of the dungeon, and saw 8 of its levels.

You collected 593 gold pieces.
You spent 42 gold pieces at shops.

Inventory:

Hand Weapons
 a - a -1 spear of flaming
 q - a +0 scythe (weapon)
 F - a +2 dire flail of protection
 H - a +0 vampiric spear
 J - a +3 short sword
Missiles
 e - 13 boomerangs
 j - 39 poisoned darts
 E - 3 boomerangs of dispersal (quivered)
Armour
 b - a +0 robe
 B - a +1 leather armour (worn)
 K - a +0 leather armour of fire resistance
 O - a +0 pair of gloves (worn)
Jewellery
 c - a +6 ring of intelligence (left hand)
 i - a ring of see invisible (right hand)
 r - a ring of ice
 v - a ring of flight
Wands
 w - a wand of mindburst (32)
 x - a wand of polymorph (8)
 y - a wand of flame (2)
 N - a wand of quicksilver (3)
Scrolls
 g - 4 scrolls of enchant weapon
 n - a scroll of summoning {unknown}
 o - a scroll of enchant armour
 p - 5 scrolls of teleportation
 s - 2 scrolls of amnesia
 t - a scroll of fear {unknown}
 C - a scroll of acquirement {unknown}
 D - a scroll of magic mapping
 G - a scroll of silence {unknown}
 I - 2 scrolls of fog
Potions
 f - 3 potions of ambrosia
 h - 3 potions of might {unknown}
 k - 2 potions of brilliance {unknown}
 l - a potion of lignification {unknown}
 m - 2 potions of flight {unknown}
 u - 4 potions of curing {unknown}
 z - 3 potions of attraction
 L - 2 potions of mutation {unknown}
 M - a potion of degeneration {unknown}


   Skills:
 + Level 8.7 Fighting
 + Level 5.6 Short Blades
 + Level 5.6 Long Blades
 + Level 5.6 Axes
 + Level 5.6 Maces & Flails
 + Level 8.7 Polearms
 + Level 5.6 Staves
 + Level 5.6 Ranged Weapons
 + Level 5.6 Throwing
 + Level 5.6 Armour
 + Level 5.6 Dodging
 + Level 5.6 Stealth
 + Level 5.6 Shields
 + Level 5.6 Unarmed Combat
 + Level 6.3 Spellcasting
 + Level 4.6 Conjurations
 + Level 4.6 Hexes
 + Level 4.6 Summonings
 + Level 4.6 Necromancy
 + Level 4.6 Translocations
 + Level 4.6 Transmutations
 + Level 7.2 Fire Magic
 + Level 4.6 Ice Magic
 + Level 4.6 Air Magic
 + Level 4.6 Earth Magic
 + Level 4.6 Poison Magic
 + Level 6.1 Invocations
 + Level 5.6 Evocations


You had 15 spell levels left.
You knew the following spells:

 Your Spells              Type           Power      Damage    Failure   Level
a - Scorch                Fire           84%        2d9       1%          2
c - Conjure Flame         Conj/Fire      36%        6-21      2%          3
d - Foxfire               Conj/Fire      100%       2x1d9     1%          1

Your spell library contained the following spells:

 Spells                   Type           Power      Damage    Failure   Level
 Slow                     Hex            100%       N/A       1%          1
 Inner Flame              Hex/Fire       36%        N/A       2%          3
 Confusing Touch          Hex            29%        N/A       4%          3
 Vampiric Draining        Necr           29%        2d8       4%          3
 Flame Wave               Conj/Fire      36%        2d9       9%          4


Dungeon Overview and Level Annotations

Branches:
Dungeon (8/15)             Temple (0/1) D:5
   Lair: D:8-11

Altars:
Dithmenos
Elyvilon
Fedhas
Gozag
Kikubaaqudgha
Nemelex Xobeh
Ru
Trog
Wu Jian

Shops:
D:2 *   D:3 *

Annotations:
D:2 1 runed translucent door, Crazy Yiuf


Innate Abilities, Weirdness & Mutations

You have very sharp teeth.
Your uncanny sense of smell can sniff out nearby items.
Your experience applies equally to all skills.


Message History

The fire elemental burns you!
You closely miss the fire elemental. The fire elemental hits you.
The fire elemental burns you!
As you read the scroll of teleportation, it crumbles to dust.
You feel strangely unstable. The fire elemental hits you.
The fire elemental burns you! The fire elemental closely misses you.
The fire elemental hits you. The fire elemental burns you!
You feel much better. The fire elemental hits you.
The fire elemental burns you! The fire elemental hits you.
The fire elemental burns you! The fire elemental hits you.
The fire elemental burns you!
You feel much better.
Your surroundings seem slightly different.
The fire elemental closely misses you. The fire elemental closely misses you.
The fire elemental misses you. The fire elemental hits you.
The fire elemental burns you!
The fire elemental completely misses you.
The fire elemental hits you. The fire elemental burns you!
The fire elemental hits you. The fire elemental burns you!
* * * LOW HITPOINT WARNING * * *
The fire elemental hits you. The fire elemental burns you!
* * * LOW HITPOINT WARNING * * *
The fire elemental closely misses you.
You feel much better. The fire elemental hits you.
The fire elemental burns you!
* * * LOW HITPOINT WARNING * * *
The fire elemental hits you. The fire elemental burns you!
* * * LOW HITPOINT WARNING * * *
You feel much better. The fire elemental closely misses you.
The fire elemental hits you. The fire elemental burns you!
The fire elemental hits you. The fire elemental burns you!
* * * LOW HITPOINT WARNING * * *
The fire elemental hits you. The fire elemental burns you!
* * * LOW HITPOINT WARNING * * *
As you read the scroll of teleportation, it crumbles to dust.
You feel strangely unstable. The fire elemental hits you.
* * * LOW HITPOINT WARNING * * *
The fire elemental burns you!
You die...
Fedhas appreciates your contribution to the ecosystem.

#..... #..... ###########.....
#....##......#'#
#....##......#.#
#.[..##......+.#
######....##......###
#.........++......'..
##.##@.....##......###
#...EE.....##......###
###########..........##.........
#.........#..........##.........
#......(..#........########.....
#.........'.>...................
#...†.....###################...
#....##...## ##.. #....##....#
######


You could see 2 fire elementals.

Vanquished Creatures
  Pikel (D:6)
  Grinder (D:3)
  A hornet (D:7)
  Prince Ribbit (D:6)
  Sigmund (D:3)
  A steam dragon (D:8)
  3 yaks
  Edmund (D:6)
  3 orc warriors
  2 black bears (D:5)
  An ice beast (D:3)
  2 ogres
  2 centaurs
  A phantom (D:5)
  3 lemures
  4 kobold brigands
  4 scorpions
  2 gnoll sergeants (D:6)
  3 bullfrogs
  5 wights (D:7)
  3 killer bees (D:8)
  2 howler monkeys
  2 jellies
  5 orc priests
  3 hounds
  Ijyb (D:3)
  Terence (D:2)
  6 orc wizards
  3 iguanas (D:5)
  Robin (D:2)
  8 gnolls
  7 adders
  An ufetubus (D:5)
  3 worms
  A dart slug (D:1)
  38 orcs
  8 endoplasms
  7 giant cockroaches
  16 goblins
  19 hobgoblins
  2 jackals (D:2)
  2 quokkas
  5 ball pythons
  4 bats
  A frilled lizard (D:1)
  32 kobolds
  5 rats
228 creatures vanquished.

Vanquished Creatures (others)
  75 foxfires
  5 plants
  6 toadstools (D:3)
  5 withered plants (D:6)
91 creatures vanquished.

Grand Total: 319 creatures vanquished

Notes
Turn   | Place    | Note
-------+----------+-------------------------------------------
     0 | D:1      | diecastcamel the Gnoll Cinder Acolyte began the quest for
                  | the Orb.
     0 | D:1      | Reached XP level 1. HP: 23/23 MP: 4/4
     3 | D:1      | Noticed an electric eel
     7 | D:1      | Noticed an electric eel
    47 | D:1      | Found a faded altar of an unknown god.
   246 | D:1      | Reached XP level 2. HP: 29/29 MP: 5/5
   249 | D:1      | Learned a level 2 spell: Scorch
   740 | D:1      | Reached XP level 3. HP: 34/35 MP: 1/7
  1170 | D:2      | Noticed Robin
  1211 | D:2      | Noticed Terence
  1261 | D:1      | Reached skill level 1 in Invocations
  1652 | D:2      | Reached skill level 1 in Short Blades
  1652 | D:2      | Reached skill level 1 in Long Blades
  1652 | D:2      | Reached skill level 1 in Axes
  1652 | D:2      | Reached skill level 1 in Maces & Flails
  1652 | D:2      | Reached skill level 1 in Staves
  1652 | D:2      | Reached skill level 1 in Ranged Weapons
  1652 | D:2      | Reached skill level 1 in Throwing
  1652 | D:2      | Reached skill level 1 in Armour
  1652 | D:2      | Reached skill level 1 in Dodging
  1652 | D:2      | Reached skill level 1 in Stealth
  1652 | D:2      | Reached skill level 1 in Shields
  1652 | D:2      | Reached skill level 1 in Unarmed Combat
  1652 | D:2      | Reached skill level 1 in Evocations
  1945 | D:2      | Reached XP level 4. HP: 38/41 MP: 3/8
  1991 | D:2      | Killed Robin
  2099 | D:2      | Killed Terence
  2100 | D:2      | Reached skill level 1 in Conjurations
  2100 | D:2      | Reached skill level 1 in Hexes
  2100 | D:2      | Reached skill level 1 in Summonings
  2100 | D:2      | Reached skill level 1 in Necromancy
  2100 | D:2      | Reached skill level 1 in Translocations
  2100 | D:2      | Reached skill level 1 in Transmutations
  2100 | D:2      | Reached skill level 1 in Ice Magic
  2100 | D:2      | Reached skill level 1 in Air Magic
  2100 | D:2      | Reached skill level 1 in Earth Magic
  2100 | D:2      | Reached skill level 1 in Poison Magic
  2204 | D:2      | Upgraded the game from 0.29-a0-819-g94b489e0ae to
                  | 0.29-a0-821-g66395355a5
  2412 | D:2      | Reached XP level 5. HP: 47/47 MP: 0/9
  2514 | D:2      | Found Dayz's Assorted Antiques.
  2726 | D:2      | Found a runed translucent door.
  2727 | D:2      | Noticed Crazy Yiuf
  2860 | D:3      | Found Vifodes's General Store.
  3046 | D:3      | Bought a scroll of teleportation for 42 gold pieces
  3057 | D:3      | Noticed Sigmund
  3074 | D:3      | Killed Sigmund
  3075 | D:3      | Reached XP level 6. HP: 53/53 MP: 9/11
  3097 | D:3      | Noticed Grinder
  3102 | D:3      | Killed Grinder
  3103 | D:3      | Reached XP level 7. HP: 55/60 MP: 7/12
  3301 | D:3      | Found a bloodstained altar of Trog.
  3492 | D:3      | Noticed Ijyb
  3503 | D:3      | Killed Ijyb
  5284 | D:5      | Entered Level 5 of the Dungeon
  5320 | D:5      | Reached XP level 8. HP: 67/67 MP: 0/14
  5882 | D:5      | Found a staircase to the Ecumenical Temple.
  6275 | D:5      | Found a sparkling altar of Nemelex Xobeh.
  6367 | D:5      | Found a white marble altar of Elyvilon.
  6415 | D:5      | Learned a level 3 spell: Vampiric Draining
  6537 | D:6      | Found a shadowy altar of Dithmenos.
  6566 | D:6      | Noticed Prince Ribbit
  6828 | D:6      | Killed Prince Ribbit
  6829 | D:6      | Reached XP level 9. HP: 62/73 MP: 7/16
  6989 | D:6      | Reached skill level 5 in Spellcasting
  7003 | D:6      | Noticed Pikel
  7717 | D:6      | Noticed Edmund
  7719 | D:6      | Killed Edmund
  7793 | D:6      | Found an ancient bone altar of Kikubaaqudgha.
  7797 | D:6      | Found a blossoming altar of Fedhas.
  8495 | D:6      | Reached skill level 5 in Invocations
  8955 | D:6      | Learned a level 3 spell: Conjure Flame
  8957 | D:6      | Learned a level 1 spell: Foxfire
  9182 | D:6      | Killed Pikel
  9183 | D:6      | Reached skill level 5 in Short Blades
  9183 | D:6      | Reached skill level 5 in Long Blades
  9183 | D:6      | Reached skill level 5 in Axes
  9183 | D:6      | Reached skill level 5 in Maces & Flails
  9183 | D:6      | Reached skill level 5 in Staves
  9183 | D:6      | Reached skill level 5 in Ranged Weapons
  9183 | D:6      | Reached skill level 5 in Throwing
  9183 | D:6      | Reached skill level 5 in Armour
  9183 | D:6      | Reached skill level 5 in Dodging
  9183 | D:6      | Reached skill level 5 in Stealth
  9183 | D:6      | Reached skill level 5 in Shields
  9183 | D:6      | Reached skill level 5 in Unarmed Combat
  9183 | D:6      | Reached skill level 5 in Evocations
  9183 | D:6      | Reached XP level 10. HP: 81/81 MP: 5/18
  9613 | D:7      | Found an opulent altar of Gozag.
 10197 | D:7      | Paralysed by a hornet for 1 turns
 10322 | D:7      | Found a sacrificial altar of Ru.
 11769 | D:8      | Found an ornate altar of the Wu Jian Council.
 11826 | D:6      | Fell from the grace of Ignis
 11826 | D:6      | Became a worshipper of Fedhas Madash
 12117 | D:8      | Slain by a fire elemental

Illustrated notes

Levels and vault maps discovered:
D:1:      arrival_aquarium_b, layout_basic,
          hellmonk_ecumenical_altar_pennies_from_heaven, serial_rivers,
          chequers_serial_rivers_micro_d, chequers_serial_rivers_marsh,
          chequers_serial_rivers_small_a, chequers_serial_rivers_room_a
D:2:      layout_rooms, serial_shops, nicolae_shop_waterfront,
          guppyfry_early_orc_mine, uniq_crazy_yiuf_cottage, uniq_terence,
          uniq_robin
D:3:      layout_loops_ring, trog_book, serial_shops, shop_coins,
          minmay_gold_behind_fungi, minmay_between, uniq_grinder, uniq_sigmund,
          uniq_ijyb
D:4:      layout_basic, serial_bayou_lake_a
D:5:      layout_basic, kennysheep_little_box,
          nemelex_xobeh_ov_fountains_minmay, minmay_temple_entry_mist,
          minmay_misc_feat_plants, supply_closet_lemuel
D:6:      layout_cave_pools, grunt_temple_overflow_growth_and_decay,
          grunt_dithmenos_smoke, lightli_minifort, uniq_prince_ribbit1,
          uniq_pikel, uniq_edmund
D:7:      layout_basic, mainiacjoe_overflow_catch_the_wave
D:8:      layout_basic, nicolae_wu_jian_wuxing_cycle

Skill      XL: |  1  2  3  4  5  6  7  8  9 10 |
---------------+-------------------------------+-----
Invocations    | 1 2 3 4 5 6 |  6.1
Short Blades   | 1 2 3 5 |  5.6
Long Blades    | 1 2 3 5 |  5.6
Axes           | 1 2 3 5 |  5.6
Maces & Flails | 1 2 3 5 |  5.6
Staves         | 1 2 3 5 |  5.6
Ranged Weapons | 1 2 3 5 |  5.6
Throwing       | 1 2 3 5 |  5.6
Armour         | 1 2 3 5 |  5.6
Dodging        | 1 2 3 5 |  5.6
Stealth        | 1 2 3 5 |  5.6
Shields        | 1 2 3 5 |  5.6
Unarmed Combat | 1 2 3 5 |  5.6
Evocations     | 1 2 3 5 |  5.6
Spellcasting   | 3 4 5 6 |  6.3
Conjurations   | 1 2 3 4 |  4.6
Hexes          | 1 2 3 4 |  4.6
Summonings     | 1 2 3 4 |  4.6
Necromancy     | 1 2 3 4 |  4.6
Translocations | 1 2 3 4 |  4.6
Transmutations | 1 2 3 4 |  4.6
Ice Magic      | 1 2 3 4 |  4.6
Air Magic      | 1 2 3 4 |  4.6
Earth Magic    | 1 2 3 4 |  4.6
Poison Magic   | 1 2 3 4 |  4.6
Fighting       | 7 8 |  8.7
Polearms       | 7 8 |  8.7
Fire Magic     | 6 7 |  7.2

Action                   |  1- 3 |  4- 6 |  7- 9 | 10-12 || total
-------------------------+-------+-------+-------+-------++-------
Melee: Spear             |    45 |     5 |    63 |       ||   113
       Bite              |     3 |       |     6 |     2 ||    11
       Punch             |       |       |     1 |       ||     1
       Halberd           |       |       |       |    39 ||    39
Throw: Dart              |       |       |    24 |     2 ||    26
       Boomerang         |       |       |    12 |     2 ||    14
 Cast: Scorch            |    31 |    33 |   183 |    54 ||   301
       Foxfire           |       |       |     7 |    20 ||    27
       Vampiric Draining |       |       |     4 |       ||     4
       Conjure Flame     |       |       |     1 |     8 ||     9
Invok: Foxfire Swarm     |       |     2 |       |       ||     2
       Fiery Armour      |       |       |     1 |     1 ||     2
       Rising Flame      |       |       |     1 |       ||     1
Evoke: Wand              |       |       |     6 |       ||     6
  Use: Scroll            |     1 |       |    11 |     3 ||    15
       Potion            |       |       |       |     4 ||     4
Armor: Robe              |     6 |     3 |     2 |       ||    11
       Leather armour    |       |       |    30 |    30 ||    60
Dodge: Dodged            |    21 |    12 |    66 |    38 ||   137

Table legend: (Time is in decaauts)
 A = Elapsed time spent in this place.
 B = Non-inter-level travel time spent in this place.
 C = Inter-level travel time spent in this place.
 D = Time resting spent in this place.
 E = Time spent auto-exploring this place.
 F = Levels seen in this place.
 G = Mean time per level.
                   A        B        C        D        E       F      G
               +--------+--------+--------+--------+--------+-----+--------+
         Total |  12132 |  11248 |    884 |   4956 |   4307 |   8 | 1516.5 |
       Dungeon |  12132 |  11248 |    884 |   4956 |   4307 |   8 | 1516.5 |
               +--------+--------+--------+--------+--------+-----+--------+

Top non-repeatable levels by time:
     D:5: 2624 daAuts
     D:7: 1644 daAuts
     D:1: 1627 daAuts
     D:6: 1452 daAuts
     D:2: 1364 daAuts
     D:4: 1285 daAuts
     D:3: 1250 daAuts
     D:8: 882 daAuts
